 Dungeon Crawl Stone Soup version 0.31-a0-177-g4aa6249778 (webtiles) character file.

Game seed: 314412440524096791

239 qw the Chopper (level 6, -1/38 HPs)
             Began as a Gargoyle Fighter on June 18, 2023.
             Slain by a bullfrog (4 damage)
             ... on level 3 of the Dungeon.
             The game lasted 00:01:43 (2978 turns).

qw the Chopper (Gargoyle Fighter)                   Turns: 2978, Time: 00:01:44

Health: -1/38      AC: 13    Str: 21    XL:     6   Next: 7%
Magic:  6/6        EV:  9    Int:  9    God:
Gold:   56         SH:  4    Dex:  9    Spells: 5/5 levels left

rFire   . . .        Y - +0 war axe
rCold   . . .        c - +0 buckler
rNeg    + . .        b - +0 scale mail
rPois   inf          s - +0 helmet
rElec   +            (no cloak)
rCorr   +            h - +0 pair of gloves
SInv    +            (no boots)
Will    .....        (no amulet) Stlth
                     e - ring of resist corrosion
HPRegen 0.26/turn    r - ring of see invisible
MPRegen 0.10/turn

%: no passive effects
@: no status effects
A: sickness immunity, AC +4, negative energy resistance 1, electricity
resistance, torment resistance 1, petrification resistance
a: no special abilities


You were on level 3 of the Dungeon.
You visited 1 branch of the dungeon, and saw 4 of its levels.

You collected 104 gold pieces.
You spent 48 gold pieces at shops.


Innate Abilities, Weirdness & Mutations

You are immune to sickness and miasma.
Your stone body is resilient. (AC +4)
You are immune to poison.
You resist negative energy. (rN+)
You are resistant to electric shocks. (rElec)
You are resistant to unholy torment.
You are immune to petrification.


   Skills:
 - Level 4.2 Fighting
 - Level 5.1 Axes
 - Level 3.2 Armour
 + Level 0.0 Dodging
 - Level 3.2 Shields


You had 5 spell levels left.
You didn't know any spells.
Your spell library was empty.

Inventory:

Hand Weapons
 k - a +0 flail
 Y - a +0 war axe (weapon)
Armour
 b - a +0 scale mail (worn)
 c - a +0 buckler (worn)
 h - a +0 pair of gloves (worn)
 s - a +0 helmet (worn)
Jewellery
 e - a ring of resist corrosion (left hand)
 r - a ring of see invisible (right hand)
Potions
 a - a potion of cancellation {unknown}
 d - a potion of might
 g - a potion of lignification
 i - a potion of haste
 j - a potion of attraction {unknown}
 l - a potion of resistance
 m - 2 potions of curing
 p - a potion of magic {unknown}
 q - a potion of heal wounds {unknown}

Dungeon Overview and Level Annotations

Branches:
Dungeon (4/15)
 Temple: D:4-7

Altars:
Dithmenos

Shops:
D:1 *   D:2 *


Message History

The gnoll bouda prays to its god.
The gnoll bouda is healed somewhat.
The bullfrog hits you.
You hit the gnoll bouda but do no damage.
The gnoll bouda is heavily wounded.
You hit the bullfrog but do no damage. The bullfrog closely misses you.
The gnoll bouda barely misses you. You block the bullfrog's attack.
The gnoll bouda hits you but does no damage.
You slash the gnoll bouda!
You kill the gnoll bouda!
You barely miss the bullfrog. The bullfrog barely misses you.
The bullfrog hits you but does no damage.
Your Fighting skill increases to level 4!
You have reached level 6!
You closely miss the bullfrog.
Your attacks no longer feel as feeble.
The bullfrog hits you.
You barely miss the bullfrog. The bullfrog hits you.
The bullfrog closely misses you.
You barely miss the bullfrog.
The bullfrog hits you but does no damage.
The bullfrog misses you.
You barely miss the bullfrog.
The bullfrog hits you but does no damage. x2
You closely miss the bullfrog. The bullfrog closely misses you.
The bullfrog hits you but does no damage.
You slash the bullfrog!
The bullfrog is heavily wounded.
The bullfrog hits you but does no damage.
The bullfrog hits you.
You closely miss the bullfrog.
The bullfrog is heavily wounded.
The bullfrog hits you but does no damage.
You block the bullfrog's attack.
You hit the bullfrog.
The bullfrog is severely wounded.
You block the bullfrog's attack. The bullfrog hits you.
You die...

#....._.......#...########<...
#.#.......#..##...###### ####.
#.##.....##............######+
#.###...##.............##....[
#.# ##.##..............##.....
#.####.................##.....
#......................#####..
#########...)F.........# #..
#g..###@.........# #..
###)#.###........##### ##.
#.F>)...+......###...####.
#.#####.#.....##.......##.
#.....#.#######...###...#.
#####........#...##(##).#.
#....#####...##..%.##.
#...##...##...######..
#..##.....##..........


You could see a bullfrog.

Vanquished Creatures
  An orc priest (D:3)
  A gnoll bouda (D:3)
  Ijyb (D:3)
  6 gnolls
  2 adders (D:2)
  4 worms
  5 orcs
  3 endoplasms
  5 giant cockroaches
  5 hobgoblins
  3 jackals (D:2)
  6 kobolds
  3 quokkas (D:1)
  9 ball pythons
  8 bats
  5 frilled lizards
  A goblin (D:1)
  4 rats
72 creatures vanquished.

Notes
Turn   | Place    | Note
-------+----------+-------------------------------------------
     0 | D:1      | qw the Gargoyle Fighter began the quest for the Orb.
     0 | D:1      | Reached XP level 1. HP: 14/14 MP: 1/1
     0 | D:1      | 0 ||| qw: Version: 0.3-a-7-ge0c9b40
     0 | D:1      | 0 ||| qw: Game counter: 731
     0 | D:1      | 0 ||| qw: Always use a shield: true
     0 | D:1      | 0 ||| qw: God list: Okawaru
     0 | D:1      | 0 ||| qw: Allow faded altars: false
     0 | D:1      | 0 ||| qw: Do Orc after D:15 true
     0 | D:1      | 0 ||| qw: Do second Lair branch before Depths: true
     0 | D:1      | 0 ||| qw: Lair rune preference: random
     0 | D:1      | 0 ||| qw: Plans: Normal, Zot:1-4, Slime:5, God:TSO, Crypt,
                  | Tomb, Abyss, Pan, Hells, Win
     0 | D:1      | 0 ||| PLANNING D:1-11
    19 | D:1      | Found Kaelall's General Store.
    25 | D:1      | 25 ||| SHOPLISTING +0 pair of gloves (54 gold, have 0).
    25 | D:1      | 25 ||| SHOPLISTING potion of magic (96 gold, have 0).
    65 | D:1      | Reached skill level 2 in Axes
   182 | D:1      | Reached XP level 2. HP: 19/19 MP: 2/2
   272 | D:1      | Reached skill level 3 in Axes
   310 | D:1      | Reached XP level 3. HP: 21/23 MP: 3/3
   964 | D:1      | 964 ||| UPGRADING to +0 pair of gloves.
   969 | D:1      | 969 ||| READING scroll labelled YRCHYA DABROTIE.
   973 | D:1      | 973 ||| READING scroll labelled TURIZO HALI.
  1095 | D:2      | 1095 ||| Stepping ~*~*~tactically~*~*~ (stealth).
  1118 | D:2      | 1118 ||| Stepping ~*~*~tactically~*~*~ (stealth).
  1119 | D:2      | 1119 ||| Stepping ~*~*~tactically~*~*~ (stealth).
  1135 | D:2      | Reached XP level 4. HP: 28/28 MP: 4/4
  1424 | D:2      | 1424 ||| Stepping ~*~*~tactically~*~*~ (hiding).
  1425 | D:2      | 1425 ||| Stepping ~*~*~tactically~*~*~ (hiding).
  1426 | D:2      | 1426 ||| Stepping ~*~*~tactically~*~*~ (hiding).
  1427 | D:2      | 1427 ||| Stepping ~*~*~tactically~*~*~ (hiding).
  1428 | D:2      | 1428 ||| Stepping ~*~*~tactically~*~*~ (hiding).
  1457 | D:2      | 1457 ||| Stepping ~*~*~tactically~*~*~ (stealth).
  1539 | D:2      | Reached skill level 4 in Axes
  1546 | D:2      | HP: 6/28 [gnoll/+0 spear (5)]
  1547 | D:2      | 1547 ||| READING scroll of teleportation.
  1986 | D:2      | Found Cymig's Assorted Antiques.
  1991 | D:2      | 1991 ||| BUYING glowing coppery potion (24 gold).
  1991 | D:2      | Bought a glowing coppery potion for 24 gold pieces
  1991 | D:2      | 1991 ||| BUYING ruby potion (24 gold).
  1991 | D:2      | Bought a ruby potion for 24 gold pieces
  1991 | D:2      | 1991 ||| SHOPLISTING scroll labelled PIACKO EKHOU (27 gold,
                  | have 7).
  1991 | D:2      | 1991 ||| SHOPLISTING scroll labelled POMOLU IBOTOD (27
                  | gold, have 7).
  1991 | D:2      | 1991 ||| SHOPLISTING scroll labelled UGOENG KIEMOCO (27
                  | gold, have 7).
  1991 | D:2      | 1991 ||| SHOPLISTING scroll of teleportation (81 gold, have
                  | 7).
  1991 | D:2      | 1991 ||| SHOPLISTING twisted diamond ring (135 gold, have
                  | 7).
  1991 | D:2      | 1991 ||| SHOPLISTING yellow potion (24 gold, have 7).
  2035 | D:2      | 2035 ||| UPGRADING to ring of resist corrosion.
  2036 | D:2      | 2036 ||| READING scroll labelled KEG JOAMUYN.
  2037 | D:2      | 2037 ||| READING scroll labelled EPSEESTRICS.
  2038 | D:2      | 2038 ||| READING scroll labelled DECVI QICROURR.
  2039 | D:2      | 2039 ||| DRINKING 2 metallic blue potions.
  2075 | D:2      | 2075 ||| DRINKING 2 silvery potions.
  2076 | D:2      | 2076 ||| DRINKING 2 dark potions.
  2077 | D:2      | 2077 ||| DRINKING 3 ruby potions.
  2172 | D:2      | 2172 ||| DROPPING +0 whip.
  2183 | D:3      | Reached XP level 5. HP: 21/32 MP: 5/5
  2183 | D:3      | 2183 ||| STAIRDANCE
  2244 | D:3      | 2244 ||| STAIRDANCE
  2307 | D:3      | 2307 ||| Stepping ~*~*~tactically~*~*~ (hiding).
  2400 | D:3      | 2400 ||| Stepping ~*~*~tactically~*~*~ (stealth).
  2401 | D:3      | 2401 ||| Stepping ~*~*~tactically~*~*~ (stealth).
  2411 | D:3      | Noticed Ijyb
  2424 | D:3      | Killed Ijyb
  2425 | D:3      | Reached skill level 5 in Axes
  2619 | D:3      | Found a shadowy altar of Dithmenos.
  2758 | D:3      | 2758 ||| UPGRADING to +0 helmet.
  2763 | D:3      | 2763 ||| UPGRADING to ring of see invisible.
  2764 | D:3      | 2764 ||| READING scroll labelled PIACKO EKHOU.
  2765 | D:3      | 2765 ||| READING scroll labelled UGOENG KIEMOCO.
  2947 | D:4      | 2947 ||| STAIRDANCE
  2950 | D:3      | HP: 8/32 [orc/+0 short sword (1)]
  2951 | D:3      | 2951 ||| READING scroll of teleportation.
  2968 | D:3      | HP: 7/33 [bullfrog (4)]
  2971 | D:3      | Reached XP level 6. HP: 9/38 MP: 6/6
  2972 | D:3      | HP: 2/38 [bullfrog (3)]
  2978 | D:3      | Slain by a bullfrog

Levels and vault maps discovered:
D:1:      dpeg_arrival_windows_large_door, layout_basic, serial_shops,
          nicolae_shop_rolling_square, nicolae_figureground_pulse
D:2:      layout_basic, serial_shops, shop, minmay_split_cup_large
D:3:      layout_basic, lemuel_round_altar, minmay_puff, uniq_ijyb
D:4:      layout_rooms, grunt_decor_resistance, minmay_unequal

Skill      XL: |  1  2  3  4  5 |
---------------+----------------+-----
Axes           | 2 3 4 5 |  5.1
Fighting       | 4 |  4.2
Armour         | |  3.2
Shields        | |  3.2

Action                     |  1- 3 |  4- 6 || total
---------------------------+-------+-------++-------
  Melee: War axe           |   103 |   133 ||   236
    Use: Scroll            |     2 |     7 ||     9
         Potion            |       |     4 ||     4
 Armour: Scale mail        |    61 |    75 ||   136
  Dodge: Dodged            |    47 |    58 ||   105
  Block: Buckler           |    30 |    22 ||    52

Table legend:
 A = Non-vault XP
 B = Vault XP
 C = Vault XP percentage of total XP
 D = Non-vault monster count
 E = Vault monster count
 F = Vault count percentage of total count
                 A         B        C        D         E       F
            +---------+---------+-------+---------+---------+-------
      Total |     277 |      65 |  19.0 |      64 |       8 |  11.1
            +---------+---------+-------+---------+---------+-------
        D:1 |      50 |       0 |   0.0 |      23 |       0 |   0.0
        D:2 |     100 |      16 |  13.8 |      22 |       4 |  15.4
        D:3 |     127 |      49 |  27.8 |      19 |       4 |  17.4
            +---------+---------+-------+---------+---------+-------
